 Dungeon Crawl Stone Soup version 0.26-a0-652-gafc20e3 (webtiles) character file.

Game seed: 12591181731493206890

781988 BeowulfAlex the Gnoll Aeon (level 27, 0/223 HPs)
             Began as a Gnoll Warper on Sept 10, 2020.
             Was the Champion of Cheibriados.
             Killed by dispel undead
             ... invoked by an infernal black sun
              (45 damage)
             ... in Pandemonium on Oct 1, 2020.
             The game lasted 08:59:06 (81437 turns).

BeowulfAlex the Gnoll Aeon (Gnoll Warper)          Turns: 81437, Time: 08:59:08

Health: 0/223      AC: 28    Str: 25    XL:     27
Magic:  0/46       EV: 35    Int: 48    God:    Cheibriados [******]
Gold:   7987       SH: 23    Dex: 35    Spells: 4/65 levels left

rFire    . . .     SeeInvis +   E - +4 double sword (freeze)
rCold    + + +     Faith    .   I - +5 kite shield {AC+3}
rNeg     + + +     Spirit   .   f - +4 troll leather armour
rPois    ∞         Reflect  .   M - +1 helmet of Guone {rElec SInv}
rElec    +         Harm     .   w - -3 cloak of Creativity {rPois rCorr Str-4 Dex+3}
rCorr    +         Rampage  .   n - +0 pair of fencer's gloves {Riposte Dex+3}
MR       +++++                  y - +2 pair of boots
Stlth    ++++++++..             c - amulet of the Ancients {rElec rPois Regen+ Int+2}
HPRegen  1.27/turn              F - ring "Nulluam" {rC++ Str-5 Int+6 Slay+3}
MPRegen  0.30/turn              m - ring of the Mage {Wiz MR++ Int+3}

@: about to teleport, lich-form, very slow
A: distributed training, fangs 1, clumsy 1, mutation resistance 1, strong nose
}: 7/15 runes: serpentine, barnacled, slimy, silver, abyssal, demonic, glowing
a: End Transformation, Bend Time, Temporal Distortion, Slouch, Step From Time,
Renounce Religion


You were in Pandemonium.
You worshipped Cheibriados.
Cheibriados was exalted by your worship.
You were a lich.
You visited 10 branches of the dungeon, and saw 50 of its levels.
You visited Pandemonium 1 time, and saw 6 of its levels.
You visited the Abyss 1 time.
You also visited: Ice Cave and Desolation.

You collected 11458 gold pieces.
You spent 3471 gold pieces at shops.

Inventory:

Hand Weapons
 E - a +4 double sword of freezing (weapon)
 H - a +9 demon whip of pain
Missiles
 h - 5 silver javelins
 k - 54 boomerangs
 L - 12 silver boomerangs
 U - 2 curare-tipped darts
 W - 42 javelins (quivered)
Armour
 f - a +4 troll leather armour (worn)
 i - a +1 tower shield of cold resistance
 n - the +0 pair of fencer's gloves (worn) {Riposte Dex+3}
   (You bought it in a shop on level 2 of the Orcish Mines)

   It affects your dexterity (+3).
 w - the -3 cloak of Creativity (worn) {rPois rCorr Str-4 Dex+3}
   (You acquired it on level 3 of the Elven Halls)

   It affects your strength (-4).
   It affects your dexterity (+3).
   It protects you from poison.
   It provides partial protection from all sources of acid and corrosion.
 y - a +2 pair of boots (worn)
 I - a +5 kite shield of protection (worn)
 M - the +1 helmet of Guone (worn) {rElec SInv}
   (You found it in the Desolation of Salt)

   It insulates you from electricity.
   It lets you see invisible.
Jewellery
 c - the amulet of the Ancients (around neck) {rElec rPois Regen+ Int+2}
   (You found it on level 1 of the Depths)

   [amulet of regeneration]

   It affects your intelligence (+2).
   It insulates you from electricity.
   It protects you from poison.
   It increases your rate of regeneration.
 e - an uncursed ring of protection from fire
 l - the macabre finger necklace {rN+}
   (You found it on level 3 of the Elven Halls)

   [amulet of nothing]

   It protects you from negative energy.
 m - the ring of the Mage (right hand) {Wiz MR++ Int+3}
   (You found it on level 1 of the Depths)

   [ring of wizardry]

   It improves your spell success rate.
   It affects your intelligence (+3).
   It affects your resistance to hostile enchantments.
 F - the ring "Nulluam" (left hand) {rC++ Str-5 Int+6 Slay+3}
   (You found it on level 10 of the Dungeon)

   [ring of intelligence]

   It affects your strength (-5).
   It affects your intelligence (+6).
   It affects your accuracy and damage with ranged weapons and melee attacks
   (+3).
   It greatly protects you from cold.
 G - the ring "Vuzes" {rPois rC++ Str-5 Slay+4}
   (You found it on level 5 of the Pits of Slime)

   [ring of slaying]

   It affects your strength (-5).
   It affects your accuracy and damage with ranged weapons and melee attacks
   (+4).
   It greatly protects you from cold.
   It protects you from poison.
Wands
 a - a wand of digging (19)
 v - a wand of enslavement (21)
 A - a wand of disintegration (28)
 C - a wand of iceblast (82)
 N - a wand of acid (26)
 S - a wand of paralysis (36)
Scrolls
 d - 7 scrolls of blinking
 g - 19 scrolls of teleportation
 j - 9 scrolls of magic mapping
 r - 11 scrolls of fog
 s - 2 scrolls of silence
 u - 17 scrolls of remove curse
 K - 10 scrolls of enchant armour
 R - 8 scrolls of identify
 T - 8 scrolls of fear
 V - 3 scrolls of holy word
 Z - 3 scrolls of amnesia
Potions
 b - 4 potions of brilliance
 o - 2 potions of might
 p - 32 potions of curing
 z - 7 potions of magic
 B - a potion of mutation
 D - 9 potions of stabbing
 J - 7 potions of resistance
 O - 5 potions of invisibility
 P - 9 potions of heal wounds
 Q - 10 potions of flight
 X - 9 potions of ambrosia
 Y - 4 potions of cancellation
Miscellaneous
 q - a condenser vane (2/2)
 t - a phantom mirror
 x - a lightning rod (4/4)


   Skills:
 + Level 19.6 Fighting
 + Level 19.3 Short Blades
 + Level 19.6 Long Blades
 + Level 19.3 Axes
 + Level 19.3 Maces & Flails
 + Level 19.3 Polearms
 + Level 19.3 Staves
 + Level 19.3 Slings
 + Level 19.3 Bows
 + Level 19.3 Crossbows
 + Level 19.4 Throwing
 + Level 19.4 Armour
 + Level 19.6 Dodging
 + Level 19.3 Stealth
 + Level 19.3 Shields
 + Level 19.3 Unarmed Combat
 + Level 19.7 Spellcasting
 + Level 16.6 Conjurations
 + Level 16.6 Hexes
 + Level 16.6 Summonings
 + Level 16.6 Necromancy
 + Level 17.3 Translocations
 + Level 16.6 Transmutations
 + Level 16.6 Fire Magic
 + Level 16.6 Ice Magic
 + Level 16.6 Air Magic
 + Level 16.6 Earth Magic
 + Level 16.6 Poison Magic
 + Level 20.7 Invocations
 + Level 19.3 Evocations


You had 4 spell levels left.
You knew the following spells:

 Your Spells              Type           Power        Failure   Level
a - Blink                 Tloc           N/A          0%          2
b - Lesser Beckoning      Tloc           ########..   0%          3
c - Passage of Golubria   Tloc           N/A          0%          4
d - Sublimation of Blood  Necr           ########..   0%          2
e - Yara's Violent Unrav  Hex/Tmut       ########..   0%          5
f - Orb of Destruction    Conj           ########..   1%          7
g - Ignition              Fire           ########..   1%          8
h - Agony                 Necr           ########     0%          5
i - Ozocubu's Armour      Ice            ########     0%          3
j - Freezing Cloud        Conj/Ice/Air   ########..   1%          6
k - Necromutation         Tmut/Necr      ########..   1%          8
l - Infestation           Necr           ########..   1%          8

Your spell library contained the following spells:

 Spells                   Type           Power        Failure   Level
 Beastly Appendage        Tmut           ######       0%          1
 Corona                   Hex            #######      0%          1
 Foxfire                  Conj/Fire      ####         0%          1
 Freeze                   Ice            ####         0%          1
 Magic Dart               Conj           ####         0%          1
 Pain                     Necr           ####         0%          1
 Sandblast                Erth           ######       0%          1
 Shock                    Conj/Air       ####         0%          1
 Call Imp                 Summ           ########     0%          2
 Corpse Rot               Necr/Air       N/A          0%          2
 Ensorcelled Hibernation  Hex/Ice        ######       0%          2
 Passwall                 Tmut/Erth      ########     0%          2
 Poisonous Vapours        Pois/Air       ######       0%          2
 Searing Ray              Conj           ######       0%          2
 Swiftness                Air            ########     0%          2
 Wereblood                Tmut           ########     0%          2
 Call Canine Familiar     Summ           ########     0%          3
 Confusing Touch          Hex            ########     0%          3
 Conjure Flame            Conj/Fire      ########     0%          3
 Dazzling Flash           Conj/Hex       ######       0%          3
 Frozen Ramparts          Ice            ######       0%          3
 Gell's Gravitas          Tloc           ########..   0%          3
 Ignite Poison            Fire/Tmut/Pois ########     0%          3
 Inner Flame              Hex/Fire       ########     0%          3
 Mephitic Cloud           Conj/Pois/Air  ########     0%          3
 Portal Projectile        Hex/Tloc       ######       0%          3
 Spider Form              Tmut/Pois      ########..   0%          3
 Static Discharge         Conj/Air       ########     0%          3
 Stone Arrow              Conj/Erth      ######       0%          3
 Summon Guardian Golem    Hex/Summ       ########     0%          3
 Teleport Other           Tloc           ########     0%          3
 Airstrike                Air            ########..   0%          4
 Cause Fear               Hex            ########..   0%          4
 Dispel Undead            Necr           ########     0%          4
 Fulminant Prism          Conj/Hex       ########..   0%          4
 Hailstorm                Conj/Ice       ########     0%          4
 Ice Form                 Ice/Tmut       ########     0%          4
 Iskenderun's Mystic Bla  Conj/Tloc      ########     0%          4
 Leda's Liquefaction      Hex/Erth       ########..   0%          4
 Petrify                  Tmut/Erth      ########     0%          4
 Summon Ice Beast         Ice/Summ       ########     0%          4
 Summon Lightning Spire   Summ/Air       ########     0%          4
 Alistair's Intoxication  Tmut/Pois      ########.    0%          5
 Blade Hands              Tmut           ########..   0%          5
 Bolt of Magma            Conj/Fire/Erth ########..   0%          5
 Borgnjor's Vile Clutch   Necr/Erth      ########..   0%          5
 Excruciating Wounds      Necr           ########..   0%          5
 Fireball                 Conj/Fire      ########..   0%          5
 Irradiate                Conj/Tmut      ########..   0%          5
 Iskenderun's Battlesphe  Conj           ########     0%          5
 Lee's Rapid Deconstruct  Erth           ########..   0%          5
 Lightning Bolt           Conj/Air       ########..   0%          5
 Metabolic Englaciation   Hex/Ice        ########..   0%          5
 Silence                  Hex/Air        ########..   0%          5
 Summon Demon             Summ           ########..   0%          5
 Summon Forest            Summ/Tloc      ########..   0%          5
 Eringya's Noxious Bog    Tmut/Pois      ########..   1%          6
 Hydra Form               Tmut           ########..   1%          6
 Invisibility             Hex            ########     1%          6
 Iron Shot                Conj/Erth      ########..   1%          6
 Ozocubu's Refrigeration  Ice            ########..   1%          6
 Shadow Creatures         Summ           N/A          1%          6
 Simulacrum               Ice/Necr       ########..   1%          6
 Starburst                Conj/Fire      ########..   1%          6
 Statue Form              Tmut/Erth      ########.    1%          6
 Haunt                    Necr/Summ      ########..   1%          7
 Spellforged Servitor     Conj/Summ      ########..   1%          7
 Borgnjor's Revivificati  Necr           ########..   1%          8
 Discord                  Hex            ########..   1%          8
 Disjunction              Tloc           ########..   1%          8
 Death's Door             Necr           ########..   17%         9
 Dragon's Call            Summ           ########..   17%         9
 Shatter                  Erth           ########..   17%         9
 Tornado                  Air            ########..   17%         9


Dungeon Overview and Level Annotations

Branches:
Dungeon (15/15)            Temple (1/1) D:4            Lair (6/6) D:11
 Shoals (4/4) Lair:3        Snake (4/4) Lair:3        Slime (5/5) Lair:5
    Orc (2/2) D:12            Elf (3/3) Orc:2        Vaults (5/5) D:14
  Crypt (0/3) Vaults:3     Depths (5/5) D:15            Zot (0/5) Depths:5
  IceCv (visited)         Desolation (visited)

Altars:
Ashenzari
Cheibriados
Dithmenos
Elyvilon
Fedhas
Gozag
Hepliaklqana
Kikubaaqudgha
Makhleb
Nemelex Xobeh
Okawaru
Qazlal
Ru
Sif Muna
Trog
Uskayaw
Vehumet
Wu Jian
Xom
Yredelemnul
Zin
The Shining One

Shops:
D:10 *   D:11 *   Orc:1 ((((   Orc:2 ([*:   Shoals:1 (*!   Snake:2 [
Snake:4 :   Depths:1 !

Portals:
Hell: Depths:1 Depths:2 Depths:3 Depths:4 Depths:5
Abyss: D:8 Depths:4 Depths:5
Pandemonium: Depths:3 Depths:4 Depths:5
Ziggurat: Depths:2

Annotations:
D:7 2 transporters, DasBelly's ghost, novice DEFE
D:8 2 transporters, snackwell's ghost, novice SpDe
D:10 3 runed translucent doors, Uttuuhiph's ghost, novice DgWn
D:12 Frances
D:13 2 transporters, ardl's ghost, journeyman OgFE


Innate Abilities, Weirdness & Mutations

Your experience applies equally to all skills.
You have very sharp teeth.
Your uncanny sense of smell can sniff out nearby items.
You are clumsy. (Dex -2)
You are somewhat resistant to further mutation.


Message History

You block the tormentor's attack. The tormentor completely misses you.
Zuakkom comes into view.
You closely miss the tormentor.
The lorocyproca gives a chilling moan.
You bite the tormentor, but do no damage.
The tormentor is almost dead.
You hear a bellow!
A torturous blood saint comes into view.
It is wielding a +0 dagger.
The infernal black sun mumbles some strange prayers to Kikubaaqudgha against you.
You convulse!
* * * LOW HITPOINT WARNING * * *
The ghost moth stares at you.
You feel your power leaking away. You block the tormentor's attack. x2
As you read the scroll of teleportation, it crumbles to dust.
You feel strangely unstable. The ghost moth stares at you.
The infernal black sun mumbles some strange prayers to Kikubaaqudgha against you.
You convulse!
You die...

##..##.............#...#
#....#.......§.........#
#...##.........§........
#...#).......§.§[.###...
#...##./###y..##..#.....
#....####.#####&.(.##...
#.#...........[...()..§#
#........2.6.2.)..).(..#
##..####..L#####...###.#
########.#####..)#
#...... .
.................#
#......
###...#########..#
#..####. #...# #..# ..#
#...# #... #...# #....
#...# #.#### #...# #.


You could see Zuakkom, a lorocyproca (black mark, invisible), a ghost moth
(black mark, invisible), an infernal black sun (black mark) and a tormentor
(black mark, slow).

Vanquished Creatures
  the Royal Jelly (Slime:5)
  Mnoleg (Pan)
  2 ancient liches (Vaults:5)
  A juggernaut (Depths:3)
  Saint Roka (Depths:1)
  Bai Suzhen (Vaults:5)
  Vashnia (Snake:4)
  Margery (Vaults:4)
  4 caustic shrikes (Depths:5)
  6 golden dragons
  Nikola (Vaults:3)
  A bone dragon (Depths:5)
  2 Tzitzimimeh
  4 pandemonium lords (Pan)
  4 tentacled monstrosities
  A Hell Sentinel (Pan)
  5 deep elf blademasters
  5 Ice Fiends
  2 deep elf master archers (Elf:3)
  3 liches
  3 titans
  2 Executioners (Pan)
  2 quicksilver dragons
  Polyphemus (Shoals:4)
  30 acid blobs
  6 sphinxes
  An eldritch tentacle (Pan)
  4 tentacled starspawn
  A kraken (Shoals:3)
  9 tengu reavers
  11 nagarajas
  5 storm dragons
  8 shadow dragons
  10 azure jellies
  A draconian knight (Depths:5)
  15 corrupters (Pan)
  9 fire giants
  Aizul (Snake:1)
  2 iron dragons
  An orc warlord (Orc:2)
  A ghoul (Vaults:3)
  7 vault wardens
  12 deep elf sorcerers
  5 warmongers (Pan)
  9 frost giants
  3 blood saints (Pan)
  12 ironheart preservers
  5 deep elf elementalists (Elf:3)
  25 cacodemons (Pan)
  5 balrugs
  A curse skull (Vaults:3)
  7 spriggan defenders
  10 reapers
  2 entropy weavers
  A caustic shrike skeleton (Depths:4)
  29 very ugly things
  21 stone giants
  9 deep elf demonologists
  A juggernaut skeleton (Depths:4)
  3 vampire knights
  12 deep elf annihilators
  2 war gargoyles (Vaults:5)
  A green draconian (Depths:5)
  4 black suns (Pan)
  20 lorocyprocas
  A black draconian (Depths:5)
  11 spark wasps
  An eidolon (Vaults:3)
  5 merfolk javelineers
  20 deep elf death magi
  2 white draconians (Depths:5)
  5 crystal guardians (Desolation)
  15 ettins
  9 blizzard demons
  The ghost of Ykyx the Basher, a journeyman GrFi of the Shining One (Shoals:3)
  4 merfolk impalers
  An ettin (shapeshifter) (Vaults:4)
  4 green deaths (Pan)
  7 death oozes
  9 deep elf high priests
  7 fire dragons
  8 ragged hierophants (Desolation)
  8 yaktaur captains
  8 great orbs of eyes
  12 ice dragons
  11 servants of whispers (Desolation)
  8 rakshasas
  6 hydras
  2 hell beasts (Pan)
  24 vault guards
  6 monstrous demonspawn
  6 peacekeepers
  16 naga warriors
  A catoblepas (shapeshifter) (Elf:3)
  3 death knights
  3 spriggan air magi
  11 ogre magi
  4 merfolk avatars
  14 centaur warriors
  18 anacondas
  5 catoblepae
  5 merfolk aquamancers
  31 two-headed ogres
  20 dancing weapons
  11 deep troll shamans
  11 death yaks
  19 tengu warriors
  2 titan zombies
  A satyr (Shoals:4)
  13 shock serpents
  9 thrashing horrors
  18 naga sharpshooters
  10 hell knights
  29 soul eaters
  3 vampire magi
  6 spriggan berserkers
  31 deep elf knights
  3 orc high priests (Orc:2)
  13 sun demons
  15 deep troll earth magi
  2 shadow wraiths
  2 spatial maelstroms (Abyss:3)
  6 wretched stars
  22 sixfirhies (Pan)
  A titan skeleton (Depths:4)
  6 glowing orange brains
  13 sea snakes
  3 iron trolls
  10 small abominations
  A storm dragon skeleton (Vaults:3)
  5 skeletal warriors
  2 quicksilver dragon simulacra (Depths:3)
  9 shadow demons (Pan)
  A golden dragon zombie (Depths:4)
  3 torturous demonspawn (Pan)
  7 salamander mystics
  14 naga ritualists
  37 deep trolls
  24 deep elf archers
  4 flayed ghosts
  2 golden dragon skeletons (Depths:4)
  4 phantasmal warriors
  8 gelid demonspawn
  8 infernal demonspawn
  A lindwurm (Lair:6)
  10 necromancers
  2 unseen horrors
  An orange crystal statue (Lair:5)
  2 shadow dragon zombies
  38 large abominations
  13 harpies
  27 ironbrand convokers
  6 wizards
  60 deep elf magi
  15 orc knights
  8 mana vipers
  A salamander (shapeshifter) (D:13)
  8 cyclopes
  A wolf spider zombie (D:15)
  2 wolf spiders
  A shadow dragon skeleton (Depths:4)
  44 ugly things
  3 oklob plants (Lair:5)
  A sphinx skeleton (Depths:4)
  A toenail golem (Pan)
  A cyclops (shapeshifter) (Depths:2)
  9 orc sorcerers
  21 elephants
  2 fauns (Shoals:1)
  15 salamanders
  An iron dragon skeleton (Depths:4)
  11 manticores
  2 spriggan zombies (Depths:4)
  16 shining eyes
  2 frost giant skeletons (Depths:4)
  16 guardian serpents
  3 worldbinders
  A fire giant skeleton (Depths:4)
  5 merfolk sirens
  43 black mambas
  A black mamba (shapeshifter) (Vaults:3)
  4 eyes of devastation
  An eye of devastation (shapeshifter) (Vaults:2)
  47 smoke demons
  11 vault sentinels
  2 ice statues
  A torpor snail (shapeshifter) (Vaults:5)
  A water nymph (Shoals:4)
  25 naga magi
  Psyche (D:11)
  11 rust devils
  A storm dragon simulacrum (Depths:4)
  17 orange demons
  3 gargoyles
  2 kobold demonologists
  10 cane toads
  A cane toad (shapeshifter) (Depths:4)
  9 ice devils
  15 hellions (Pan)
  A rime drake (Lair:6)
  15 freezing wraiths
  15 demonic crawlers (Pan)
  3 efreet
  A yaktaur (shapeshifter) (Depths:2)
  8 tormentors
  A spark wasp simulacrum (Depths:4)
  2 anaconda simulacra (IceCv)
  A golden dragon simulacrum (IceCv)
  32 yaktaurs
  10 komodo dragons
  4 hellwings
  7 red devils
  5 tengu conjurers
  A yaktaur skeleton (Vaults:3)
  9 trolls
  3 ancient zymes (Abyss:3)
  A tyrant leech (shapeshifter) (Vaults:4)
  A queen bee (D:9)
  A troll (shapeshifter) (D:15)
  2 tengu simulacra
  3 polar bears
  A wind drake (shapeshifter) (Vaults:4)
  A wolf spider simulacrum (D:15)
  3 blink frogs (shapeshifter)
  31 merfolk
  A snapping turtle (shapeshifter) (Depths:4)
  3 wind drakes
  A sphinx simulacrum (Vaults:4)
  7 hornets
  111 slime creatures
  13 hippogriffs
  11 blink frogs
  7 dream sheep (Lair:6)
  64 saltlings (Desolation)
  7 snapping turtles
  A hippogriff (shapeshifter) (Vaults:5)
  2 frost giant simulacra
  An ettin zombie (Vaults:4)
  3 human simulacra
  5 spriggans
  5 air elementals
  7 shadows
  15 starcursed masses (Abyss:3)
  A flying skull (Depths:3)
  4 redbacks
  A tarantella (shapeshifter) (Vaults:2)
  A yak (shapeshifter) (Elf:1)
  8 ynoxinuls
  15 water elementals
  2 tarantellas
  3 wyverns
  3 dire elephant simulacra (IceCv)
  3 fire elementals
  10 wraiths
  4 fire bats (Abyss:1)
  A spriggan (shapeshifter) (Depths:3)
  A basilisk (shapeshifter) (D:15)
  40 chaos spawn
  34 neqoxecs
  A human (shapeshifter) (Elf:1)
  24 golden eyes
  3 golden eyes (shapeshifter)
  59 yaks
  3 elf skeletons (Depths:4)
  A basilisk (Lair:2)
  A soldier ant (D:13)
  2 spatial vortices (Abyss:3)
  4 insubstantial wisps (Abyss:3)
  72 nagas
  3 harpy simulacra (IceCv)
  2 iron troll simulacra (IceCv)
  5 wargs
  2 acid dragons (D:15)
  Edmund (D:5)
  4 hydra simulacra (IceCv)
  11 water moccasins
  A cane toad skeleton (Abyss:1)
  4 hell hounds (Depths:3)
  3 ice beasts
  3 floating eyes
  3 black bears
  12 porcupines
  36 orc warriors
  An alligator simulacrum (IceCv)
  6 ettin simulacra
  A phantom (D:12)
  17 eyes of draining
  3 sky beasts
  34 ogres
  A necrophage (D:13)
  3 elf zombies
  11 wolves
  17 centaurs
  4 boggarts (Depths:4)
  17 crocodiles
  A big kobold (D:10)
  Blork the orc (D:5)
  20 bullfrogs
  2 human skeletons
  2 earth elementals (Elf:1)
  3 scorpions
  A troll zombie (D:12)
  A wyvern skeleton (D:14)
  An elephant simulacrum (IceCv)
  A swamp dragon simulacrum (IceCv)
  4 elf simulacra
  38 killer bees
  3 howler monkeys (D:7)
  29 wights
  13 jellies
  6 electric eels
  3 lava snakes (Lair:5)
  A bullfrog zombie (D:12)
  4 centaur zombies
  2 quasits
  A draconian simulacrum (IceCv)
  3 gnoll shamans (D:3)
  7 hounds
  29 orc priests
  A bullfrog skeleton (D:5)
  7 centaur skeletons
  31 orc wizards
  An iron imp (Abyss:3)
  12 worker ants
  2 iguanas
  2 spriggan simulacra
  3 troll simulacra (IceCv)
  2 wolf simulacra (IceCv)
  2 centaur simulacra (IceCv)
  7 ogre zombies (D:12)
  2 hound zombies
  A howler monkey zombie (D:10)
  3 worker ant zombies
  58 gnolls
  2 naga simulacra (IceCv)
  8 adders
  2 ogre simulacra (IceCv)
  A shadow imp (D:5)
  8 white imps
  7 ufetubi
  8 oozes
  2 adder skeletons
  2 worms
  2 dart slugs
  6 leopard geckos
  86 orcs
  4 giant cockroaches
  9 goblins
  5 hobgoblins
  30 jackals
  13 kobolds
  4 quokkas
  2 bats
  5 frilled lizards
  3 goblin skeletons (D:12)
  2 goblin zombies (D:12)
  3 hobgoblin skeletons (D:12)
  A hobgoblin zombie (D:12)
  A leopard gecko skeleton (D:4)
  16 orc zombies (D:12)
  7 rats
  A bush (Lair:6)
  7 crawling corpses (Vaults:5)
  3 starspawn tentacles
3144 creatures vanquished.

Vanquished Creatures (collateral kills)
  A tentacled monstrosity (Pan)
  A reaper (Pan)
  A corrupter (Pan)
  A black sun (Pan)
  A green death (Pan)
  A sun demon (Pan)
  2 soul eaters (Pan)
  A sixfirhy (Pan)
  A large abomination (Pan)
  2 shadow demons (Pan)
  A smoke demon (Pan)
  An orange demon (Pan)
  A red devil (Pan)
  A ynoxinul (Pan)
  A chaos spawn (Pan)
17 creatures vanquished.

Vanquished Creatures (others)
  An eldritch tentacle (Pan)
  A storm dragon (Vaults:5)
  A nagaraja (Snake:4)
  A caustic shrike skeleton (Depths:4)
  A deep troll earth mage (Depths:1)
  A deep troll (Depths:1)
  An orc sorcerer (Elf:1)
  2 yaktaurs (Depths:1)
  A demonic crawler (Pan)
  A naga (Snake:4)
  An orc (D:7)
  A block of ice (Pan)
  74 fulminant prisms
  43 fungi
  A lurking horror (Abyss:1)
  120 plants
  A starspawn tentacle (Abyss:3)
  4 tentacles (Shoals:3)
256 creatures vanquished.

Grand Total: 3417 creatures vanquished

Notes
Turn   | Place    | Note
-------+----------+-------------------------------------------
     0 | D:1      | BeowulfAlex the Gnoll Warper began the quest for the Orb.
     0 | D:1      | Reached XP level 1. HP: 20/20 MP: 6/6
     1 | D:1      | Found a runed translucent door.
   338 | D:1      | Reached XP level 2. HP: 23/26 MP: 7/7
   354 | D:1      | Learned a level 2 spell: Blink
   737 | D:1      | Reached XP level 3. HP: 31/31 MP: 9/9
   740 | D:1      | Reached skill level 5 in Spellcasting
   748 | D:1      | Reached skill level 1 in Invocations
   882 | D:2      | Found a hazy altar of Hepliaklqana.
  1054 | D:2      | Found a snail-covered altar of Cheibriados.
  1055 | D:2      | Found a sacrificial altar of Ru.
  1056 | D:2      | Reached skill level 1 in Short Blades
  1056 | D:2      | Reached skill level 1 in Axes
  1056 | D:2      | Reached skill level 1 in Maces & Flails
  1056 | D:2      | Reached skill level 1 in Polearms
  1056 | D:2      | Reached skill level 1 in Staves
  1056 | D:2      | Reached skill level 1 in Slings
  1056 | D:2      | Reached skill level 1 in Bows
  1056 | D:2      | Reached skill level 1 in Crossbows
  1056 | D:2      | Reached skill level 1 in Stealth
  1056 | D:2      | Reached skill level 1 in Shields
  1056 | D:2      | Reached skill level 1 in Unarmed Combat
  1056 | D:2      | Reached skill level 1 in Evocations
  1077 | D:2      | Became a worshipper of Cheibriados the Contemplative
  1098 | D:2      | Reached XP level 4. HP: 33/38 MP: 11/11
  1822 | D:2      | Reached skill level 1 in Conjurations
  1822 | D:2      | Reached skill level 1 in Hexes
  1822 | D:2      | Reached skill level 1 in Summonings
  1822 | D:2      | Reached skill level 1 in Necromancy
  1822 | D:2      | Reached skill level 1 in Transmutations
  1822 | D:2      | Reached skill level 1 in Fire Magic
  1822 | D:2      | Reached skill level 1 in Ice Magic
  1822 | D:2      | Reached skill level 1 in Air Magic
  1822 | D:2      | Reached skill level 1 in Earth Magic
  1822 | D:2      | Reached skill level 1 in Poison Magic
  2133 | D:2      | Learned a level 3 spell: Lesser Beckoning
  2138 | D:2      | Learned a level 4 spell: Passage of Golubria
  2158 | D:3      | Reached XP level 5. HP: 42/43 MP: 12/12
  2333 | D:3      | Noticed an ogre
  2805 | D:3      | Reached * piety under Cheibriados
  3205 | D:3      | Reached skill level 2 in Invocations
  3205 | D:3      | Reached XP level 6. HP: 45/50 MP: 13/13
  3625 | D:2      | Reached skill level 5 in Fighting
  3625 | D:2      | Reached skill level 5 in Long Blades
  3625 | D:2      | Reached skill level 5 in Dodging
  3944 | D:3      | Reached XP level 7. HP: 26/56 MP: 15/15
  4521 | D:3      | Found a basalt altar of Yredelemnul.
  4539 | D:3      | Reached ** piety under Cheibriados
  5307 | D:3      | Reached skill level 3 in Invocations
  5514 | D:3      | Reached *** piety under Cheibriados
  5942 | D:4      | Reached XP level 8. HP: 60/63 MP: 16/16
  6259 | D:4      | Found a staircase to the Ecumenical Temple.
  6268 | Temple   | Entered the Ecumenical Temple
  6773 | D:4      | Got a fading dagger
  6774 | D:4      | Identified the +9 dagger "Vihibec" {protect, *Drain rC+
                  | MR+} (You found it on level 4 of the Dungeon)
  6888 | D:4      | Found a glowing golden altar of the Shining One.
  7255 | D:5      | Entered Level 5 of the Dungeon
  7323 | D:5      | Reached **** piety under Cheibriados
  7594 | D:5      | Noticed Blork the orc
  7604 | D:5      | Killed Blork the orc
  7638 | D:5      | Learned a level 2 spell: Searing Ray
  7642 | D:5      | Learned a level 3 spell: Dazzling Flash
  7740 | D:5      | Noticed Edmund
  7756 | D:5      | Killed Edmund
  7907 | D:5      | Found a shimmering altar of Xom.
  8027 | D:6      | Reached skill level 4 in Invocations
  8051 | D:5      | Reached XP level 9. HP: 55/69 MP: 18/18
  8330 | D:6      | Found a blossoming altar of Fedhas.
  8677 | D:7      | Reached skill level 5 in Throwing
  8677 | D:7      | Reached skill level 5 in Armour
  8681 | D:7      | Reached ***** piety under Cheibriados
  8885 | D:7      | Reached skill level 5 in Invocations
  9124 | D:7      | Found an ornate altar of the Wu Jian Council.
  9209 | D:7      | Found a bloodstained altar of Trog.
  9209 | D:7      | Noticed DasBelly's ghost (novice DEFE)
  9209 | D:7      | Noticed a moth of wrath
  9211 | D:7      | Found a transporter.
  9323 | D:7      | Found a transporter.
  9584 | D:8      | Reached XP level 10. HP: 76/77 MP: 11/20
  9688 | D:8      | Found a shadowy altar of Dithmenos.
  9797 | D:8      | Reached skill level 5 in Short Blades
  9797 | D:8      | Reached skill level 5 in Axes
  9797 | D:8      | Reached skill level 5 in Maces & Flails
  9797 | D:8      | Reached skill level 5 in Polearms
  9797 | D:8      | Reached skill level 5 in Staves
  9797 | D:8      | Reached skill level 5 in Slings
  9797 | D:8      | Reached skill level 5 in Bows
  9797 | D:8      | Reached skill level 5 in Crossbows
  9797 | D:8      | Reached skill level 5 in Stealth
  9797 | D:8      | Reached skill level 5 in Shields
  9797 | D:8      | Reached skill level 5 in Unarmed Combat
  9797 | D:8      | Reached skill level 5 in Evocations
  9933 | D:8      | Found a sparkling altar of Nemelex Xobeh.
  9952 | D:8      | Found a transporter.
  9970 | D:8      | Noticed a white ugly thing
  9971 | D:8      | Found a one-way gate to the infinite horrors of the Abyss.
  9971 | D:8      | Noticed snackwell's ghost (novice SpDe)
  9971 | D:8      | Noticed a white ugly thing
 10010 | D:8      | Found a transporter.
 10012 | D:8      | Identified the +7 whip of Impeachment {distort, Int+3 Dex+2
                  | Stlth+}
 10380 | D:9      | Reached ****** piety under Cheibriados
 10541 | D:9      | Reached skill level 6 in Invocations
 10941 | D:9      | Found a shattered altar of Ashenzari.
 11116 | D:10     | Entered Level 10 of the Dungeon
 11229 | D:10     | Found a runed translucent gate.
 11233 | D:10     | Found a runed translucent gate.
 11233 | D:10     | Found a runed translucent gate.
 11240 | D:10     | Found an opulent altar of Gozag.
 11247 | D:10     | Found Jaun's Assorted Antiques.
 11247 | D:10     | Noticed Uttuuhiph's ghost (novice DgWn)
 11247 | D:10     | Noticed a fire dragon
 11368 | D:10     | Got a faintly glowing jade ring
 11370 | D:10     | Identified the ring "Nulluam" {rC++ Str-5 Int+6 Slay+3}
                  | (You found it on level 10 of the Dungeon)
 11417 | D:10     | Reached XP level 11. HP: 84/84 MP: 22/22
 11715 | D:10     | Reached skill level 5 in Conjurations
 11715 | D:10     | Reached skill level 5 in Hexes
 11715 | D:10     | Reached skill level 5 in Summonings
 11715 | D:10     | Reached skill level 5 in Necromancy
 11715 | D:10     | Reached skill level 5 in Transmutations
 11715 | D:10     | Reached skill level 5 in Fire Magic
 11715 | D:10     | Reached skill level 5 in Ice Magic
 11715 | D:10     | Reached skill level 5 in Air Magic
 11715 | D:10     | Reached skill level 5 in Earth Magic
 11715 | D:10     | Reached skill level 5 in Poison Magic
 12091 | D:11     | Noticed a cyclops
 12187 | D:11     | Noticed a death yak
 12216 | D:10     | Killed a death yak
 12266 | D:11     | Killed a cyclops
 12312 | D:11     | Found a staircase to the Lair.
 12369 | D:11     | Noticed Psyche
 12370 | D:11     | Reached skill level 7 in Invocations
 12370 | D:11     | Noticed a brown ugly thing
 12395 | D:11     | Killed a brown ugly thing
 12395 | D:11     | Killed Psyche
 12476 | D:11     | Found Echu Dupp's General Store.
 12859 | D:11     | You fall into a shaft and drop 2 floors!
 12943 | D:12     | Got a thick robe
 12949 | D:12     | Identified the +1 robe of Elyvilon's Reproof {rPois rF+}
                  | (You found it on level 12 of the Dungeon)
 13067 | D:11     | Noticed a manticore
 13088 | D:11     | Killed a manticore
 13358 | Lair:1   | Entered Level 1 of the Lair of Beasts
 13410 | Lair:1   | Learned a level 3 spell: Frozen Ramparts
 13415 | Lair:1   | Learned a level 4 spell: Petrify
 13420 | Lair:1   | Learned a level 4 spell: Fulminant Prism
 13479 | Lair:1   | Reached XP level 12. HP: 94/94 MP: 24/24
 14339 | Lair:2   | Reached skill level 8 in Invocations
 14897 | Lair:2   | Noticed a six-headed hydra
 14903 | Lair:2   | Killed a six-headed hydra
 15203 | Lair:3   | Learned a level 3 spell: Ozocubu's Armour
 15332 | Lair:3   | Found a staircase to the Snake Pit.
 15724 | Lair:3   | Found a staircase to the Shoals.
 15968 | Lair:4   | Reached XP level 13. HP: 101/101 MP: 13/26
 16555 | Lair:4   | Reached skill level 9 in Invocations
 17473 | Lair:5   | Reached skill level 10 in Spellcasting
 18333 | Lair:5   | Found a staircase to the Slime Pits.
 18541 | Lair:6   | Entered Level 6 of the Lair of Beasts
 18589 | Lair:6   | Reached XP level 14. HP: 109/109 MP: 22/28
 18666 | Lair:6   | Reached skill level 10 in Fighting
 18666 | Lair:6   | Reached skill level 10 in Long Blades
 18666 | Lair:6   | Reached skill level 10 in Dodging
 19625 | Lair:6   | Reached skill level 10 in Invocations
 20215 | D:11     | Upgraded the game from 0.26-a0-612-gd4d190f to
                  | 0.26-a0-613-g4f23886
 20446 | D:12     | Found a staircase to the Orcish Mines.
 20548 | D:12     | Noticed Frances
 20707 | D:12     | Learned a level 6 spell: Freezing Cloud
 20926 | Orc:1    | Entered Level 1 of the Orcish Mines
 20926 | Orc:1    | Found Ideonn's Antique Weapon Emporium.
 20928 | Orc:1    | Found Byos's Antique Weapon Emporium.
 20949 | Orc:1    | Found Nebaykh's Weapon Boutique.
 20979 | Orc:1    | Found Ykhlisur's Weapon Shoppe.
 21173 | Orc:2    | Entered Level 2 of the Orcish Mines
 21721 | Orc:2    | Reached skill level 10 in Throwing
 21721 | Orc:2    | Reached skill level 10 in Armour
 21954 | Orc:2    | Reached XP level 15. HP: 117/117 MP: 12/29
 22210 | Orc:2    | Noticed an orc warlord
 22226 | Orc:2    | Killed an orc warlord
 22753 | Orc:2    | Found Igotsemp's General Store.
 22754 | Orc:2    | Found Hafoafumn's Book Shop.
 22755 | Orc:2    | Found Zycuabim's Antique Armour Shop.
 22755 | Orc:2    | Found Naud's Antique Weapon Boutique.
 22897 | Orc:2    | Found a staircase to the Elven Halls.
 23068 | Orc:2    | Reached skill level 10 in Translocations
 23302 | Orc:2    | Bought the +0 pair of fencer's gloves {Riposte Dex+3} for
                  | 1080 gold pieces
 23302 | Orc:2    | Found the +0 pair of fencer's gloves {Riposte Dex+3}
 23475 | D:13     | Found a transporter.
 23668 | D:13     | Found a transporter.
 23669 | D:13     | Noticed ardl's ghost (journeyman OgFE)
 23772 | D:13     | Reached skill level 10 in Short Blades
 23772 | D:13     | Reached skill level 10 in Axes
 23772 | D:13     | Reached skill level 10 in Maces & Flails
 23772 | D:13     | Reached skill level 10 in Polearms
 23772 | D:13     | Reached skill level 10 in Staves
 23772 | D:13     | Reached skill level 10 in Slings
 23772 | D:13     | Reached skill level 10 in Bows
 23772 | D:13     | Reached skill level 10 in Crossbows
 23772 | D:13     | Reached skill level 10 in Stealth
 23772 | D:13     | Reached skill level 10 in Shields
 23772 | D:13     | Reached skill level 10 in Unarmed Combat
 23772 | D:13     | Reached skill level 10 in Evocations
 24773 | D:14     | Reached skill level 11 in Invocations
 25010 | D:14     | Upgraded the game from 0.26-a0-613-g4f23886 to
                  | 0.26-a0-638-gcca6ad1
 25318 | D:14     | Found a gate to the Vaults.
 25702 | D:15     | Entered Level 15 of the Dungeon
 26312 | D:15     | Learned a level 6 spell: Statue Form
 26339 | D:15     | Found a staircase to the Depths.
 26395 | D:15     | Reached XP level 16. HP: 119/125 MP: 31/31
 26467 | D:15     | Upgraded the game from 0.26-a0-638-gcca6ad1 to
                  | 0.26-a0-639-g72c4674
 27556 | Snake:1  | Entered Level 1 of the Snake Pit
 27556 | Snake:1  | Noticed Aizul
 27563 | Snake:1  | Killed Aizul
 28520 | Snake:1  | Reached skill level 12 in Invocations
 29241 | Snake:2  | Reached XP level 17. HP: 131/133 MP: 33/33
 29278 | Snake:2  | Got a sparkling jade amulet
 29289 | Snake:2  | Identified the amulet "Vouwokk" {Reflect SH+5 SInv} (You
                  | found it on level 2 of the Snake Pit)
 30139 | Snake:2  | Found Fylassa's Armour Shop.
 31637 | Snake:3  | Reached skill level 10 in Conjurations
 31637 | Snake:3  | Reached skill level 10 in Hexes
 31637 | Snake:3  | Reached skill level 10 in Summonings
 31637 | Snake:3  | Reached skill level 10 in Necromancy
 31637 | Snake:3  | Reached skill level 10 in Transmutations
 31637 | Snake:3  | Reached skill level 10 in Fire Magic
 31637 | Snake:3  | Reached skill level 10 in Ice Magic
 31637 | Snake:3  | Reached skill level 10 in Air Magic
 31637 | Snake:3  | Reached skill level 10 in Earth Magic
 31637 | Snake:3  | Reached skill level 10 in Poison Magic
 32501 | Snake:4  | Entered Level 4 of the Snake Pit
 32784 | Snake:4  | Found Futzec's Book Shoppe.
 32919 | Snake:4  | Got a brightly glowing helmet
 32925 | Snake:4  | Identified the +0 helmet "Akufrus" {Int+3 Slay+2} (You
                  | found it on level 4 of the Snake Pit)
 33381 | Snake:4  | Reached XP level 18. HP: 140/142 MP: 5/34
 33434 | Snake:4  | Noticed Vashnia
 33804 | Snake:4  | Killed Vashnia
 33804 | Snake:4  | Reached skill level 13 in Invocations
 34931 | Snake:4  | Got a serpentine rune of Zot
 35813 | Elf:1    | Entered Level 1 of the Elven Halls
 36327 | Elf:1    | Reached XP level 19. HP: 149/149 MP: 36/36
 36335 | Elf:1    | Upgraded the game from 0.26-a0-639-g72c4674 to
                  | 0.26-a0-642-g67e9924
 37486 | Elf:2    | Found a runed translucent gate.
 37487 | Elf:2    | Found a runed translucent gate.
 37665 | Elf:2    | Found a shimmering blue altar of Sif Muna.
 37971 | Elf:2    | Found a runed translucent gate.
 38884 | Elf:3    | Entered Level 3 of the Elven Halls
 38947 | Elf:3    | Reached skill level 14 in Invocations
 38994 | Elf:3    | Found a shimmering blue altar of Sif Muna.
 40012 | Elf:3    | Reached XP level 20. HP: 158/158 MP: 10/37
 40130 | Elf:3    | Identified the ring "Hogemegh" {MR+ Slay+3}
 40798 | Elf:3    | Identified the +1 robe "Gitoceuf" {Dex+4 SInv}
 40798 | Elf:3    | Identified the ring "Gazuh" {rPois rC+ Stlth+}
 41058 | Elf:3    | Found the macabre finger necklace {rN+}
 41099 | Elf:3    | Got a glittering turquoise ring
 41101 | Elf:3    | Identified the ring "Ritan" {Wiz rN+ Str-3 SInv} (You found
                  | it on level 3 of the Elven Halls)
 41106 | Elf:3    | Got a clouded tin amulet
 41120 | Elf:3    | Identified the amulet of the Peculiar Suns {RegenMP rN+}
                  | (You found it on level 3 of the Elven Halls)
 41138 | Elf:3    | Got a wavering bone amulet
 41143 | Elf:3    | Got a shimmering platinum ring
 41170 | Elf:3    | Identified the amulet "Sipudan" {Faith +Blink} (You found
                  | it on level 3 of the Elven Halls)
 41185 | Elf:3    | Identified the ring "Ehagiedu" {rC+ Stlth-} (You found it
                  | on level 3 of the Elven Halls)
 41224 | Elf:3    | Got an encrusted mace
 41341 | Elf:3    | Identified the +7 mace of Etivot {vorpal, rC+} (You found
                  | it on level 3 of the Elven Halls)
 41621 | Elf:3    | Identified a scroll of acquirement
 41625 | Elf:3    | Acquired the -3 cloak of Creativity {rPois rCorr Str-4
                  | Dex+3}
 41668 | Elf:3    | Learned a level 2 spell: Sublimation of Blood
 41676 | Elf:3    | Learned a level 7 spell: Orb of Destruction
 42047 | Snake:4  | Bought a Necronomicon for 1656 gold pieces
 42056 | Snake:4  | Learned a level 8 spell: Necromutation
 42143 | Snake:4  | Upgraded the game from 0.26-a0-642-g67e9924 to
                  | 0.26-a0-646-g5d77183
 42301 | Shoals:1 | Entered Level 1 of the Shoals
 42424 | Shoals:1 | Found Meblacso's Assorted Antiques.
 42459 | Shoals:1 | Found Zoajeni Uthre's Antique Weapon Shop.
 42480 | Shoals:1 | Identified a +1 pair of boots of running (You found it on
                  | level 1 of the Shoals)
 42552 | Shoals:1 | Bought a potion of heal wounds for 140 gold pieces
 42606 | Shoals:1 | Found Nuacarebb's Distillery.
 42904 | Shoals:2 | Found a frozen archway.
 42938 | IceCv    | Entered an ice cave
 43672 | IceCv    | Got a polished dagger
 43674 | IceCv    | Identified the cursed +1 dagger of the Freezing Jester
                  | {speed, rC- Str+6 SInv} (You found it in an ice cave)
 44471 | Shoals:2 | Upgraded the game from 0.26-a0-646-g5d77183 to
                  | 0.26-a0-649-gf8c6c3a
 44861 | Shoals:3 | Got a smoking chain mail
 44862 | Shoals:3 | Identified the +1 chain mail of Oloj Yve {rPois} (You found
                  | it on level 3 of the Shoals)
 44899 | Shoals:3 | Found a runed translucent door.
 44901 | Shoals:3 | Found a shimmering altar of Xom.
 44901 | Shoals:3 | Noticed Ykyx's ghost (journeyman GrFi)
 45205 | Shoals:4 | Entered Level 4 of the Shoals
 45433 | Shoals:4 | Found Ociumaun's Antique Weapon Shoppe.
 45440 | Shoals:4 | Noticed Polyphemus
 45462 | Shoals:3 | Reached XP level 21. HP: 137/166 MP: 26/39
 45528 | Shoals:4 | Killed Polyphemus
 45785 | Shoals:4 | Identified the cursed +0 long sword of Tutteviv {vorpal,
                  | Int+2}
 45950 | Shoals:4 | Got a barnacled rune of Zot
 46289 | Shoals:4 | Reached skill level 15 in Invocations
 46417 | Shoals:4 | Identified the ring "Kuiqysuj" {*Contam rN+ EV+4 Int+4
                  | Dex+5}
 46605 | Shoals:4 | Got a brightly glowing gossamer ring
 46606 | Shoals:4 | Identified the ring "Banouph" {rN+ rCorr Str+5} (You found
                  | it on level 4 of the Shoals)
 46806 | Shoals:3 | Killed Ykyx's ghost
 46888 | Shoals:3 | Got an ichor-stained chain mail
 46895 | Shoals:3 | Identified the cursed +1 chain mail of the Lily {*Corrode
                  | Int+6 SInv} (You found it on level 3 of the Shoals)
 47094 | Vaults:1 | Entered Level 1 of the Vaults
 47149 | Vaults:1 | Found a ruined gateway.
 47193 | Desolati | Entered the Desolation of Salt
 47487 | Desolati | Identified the ring "Ivoafoug" {rElec rPois rN+ MR+ Str-4}
 47568 | Desolati | Identified the Almanac of Supportive Heat
 47572 | Desolati | Got a glittering pewter ring
 47575 | Desolati | Identified the ring "Gieqoe Oshan" {Fire +Inv rPois rN+
                  | Str-2} (You found it in the Desolation of Salt)
 47579 | Desolati | Got a faintly humming plate armour
 47644 | Desolati | Identified the ring "Ytebohor" {MR+ Int+6 Dex+2}
 47779 | Desolati | Identified the Collected Works on Creative Contamination
 47783 | Desolati | Got a crude helmet
 47945 | Desolati | Identified the Grimoire of Shape Shifting and the Blaze
 47959 | Desolati | Identified the Disquisition on Dusty Summoning
 47999 | Desolati | Identified the cursed +0 plate armour of Eteid {+Blink}
                  | (You found it in the Desolation of Salt)
 48010 | Desolati | Identified the +1 helmet of Guone {rElec SInv} (You found
                  | it in the Desolation of Salt)
 48051 | Desolati | Got a scintillating lapis lazuli ring
 48058 | Desolati | Identified the ring "Coraun" {rN+ Str+4} (You found it in
                  | the Desolation of Salt)
 48470 | Vaults:1 | Found a glowing golden altar of the Shining One.
 48706 | Vaults:1 | Reached skill level 15 in Spellcasting
 48804 | Vaults:1 | Reached XP level 22. HP: 174/174 MP: 30/41
 49501 | Vaults:1 | Gained mutation: Your magical capacity is low. (-10% MP)
                  | [mutagenic glow]
 49839 | Vaults:2 | Reached skill level 15 in Fighting
 49839 | Vaults:2 | Reached skill level 15 in Long Blades
 49839 | Vaults:2 | Reached skill level 15 in Dodging
 51617 | Vaults:3 | Lost mutation: Your magical capacity is low. (-10% MP)
                  | [potion of mutation]
 51617 | Vaults:3 | Gained mutation: You are dopey. (Int -2) [potion of
                  | mutation]
 51617 | Vaults:3 | Gained mutation: You are surrounded by a mild repulsion
                  | field. (EV +2) [potion of mutation]
 51797 | Vaults:3 | Reached skill level 15 in Throwing
 51797 | Vaults:3 | Reached skill level 15 in Armour
 51967 | Vaults:3 | Reached skill level 16 in Invocations
 52321 | Vaults:3 | Reached XP level 23. HP: 182/182 MP: 42/42
 52322 | Vaults:3 | Found a staircase to the Crypt.
 52440 | Vaults:3 | Got a spiked buckler
 52446 | Vaults:3 | Identified the +0 buckler "Duleenug" {Str+2} (You found it
                  | on level 3 of the Vaults)
 52550 | Vaults:3 | Noticed Nikola
 52567 | Vaults:3 | Killed Nikola
 52895 | Vaults:3 | Reached skill level 15 in Short Blades
 52895 | Vaults:3 | Reached skill level 15 in Axes
 52895 | Vaults:3 | Reached skill level 15 in Maces & Flails
 52895 | Vaults:3 | Reached skill level 15 in Polearms
 52895 | Vaults:3 | Reached skill level 15 in Staves
 52895 | Vaults:3 | Reached skill level 15 in Slings
 52895 | Vaults:3 | Reached skill level 15 in Bows
 52895 | Vaults:3 | Reached skill level 15 in Crossbows
 52895 | Vaults:3 | Reached skill level 15 in Stealth
 52895 | Vaults:3 | Reached skill level 15 in Shields
 52895 | Vaults:3 | Reached skill level 15 in Unarmed Combat
 52895 | Vaults:3 | Reached skill level 15 in Evocations
 53235 | Vaults:4 | Noticed Margery
 53250 | Vaults:4 | Killed Margery
 54608 | Vaults:5 | Entered Level 5 of the Vaults
 54962 | Vaults:4 | Learned a level 5 spell: Yara's Violent Unravelling
 55603 | Vaults:5 | Reached XP level 24. HP: 156/191 MP: 21/43
 55605 | Vaults:5 | Noticed an ancient lich
 56035 | Vaults:5 | Killed an ancient lich
 56041 | Vaults:5 | Reached skill level 17 in Invocations
 56072 | Vaults:5 | Noticed an ancient lich
 56248 | Vaults:5 | Killed an ancient lich
 56350 | Vaults:5 | Acquired 326 gold pieces
 56862 | Vaults:5 | Identified the Grimoire of Ghastly Enchantment
 56869 | Vaults:5 | Identified the Tome of Supportive Black Rites
 56872 | Vaults:5 | Identified the Tome of Creation
 56905 | Vaults:5 | Noticed Bai Suzhen
 56909 | Vaults:5 | Identified the ring of the Suburbs {+Fly Str+4 Int+6 Dex-3}
 57006 | Vaults:5 | Lost mutation: You are surrounded by a mild repulsion
                  | field. (EV +2) [potion of mutation]
 57006 | Vaults:5 | Lost mutation: You are dopey. (Int -2) [potion of mutation]
 57006 | Vaults:5 | Gained mutation: You are clumsy. (Dex -2) [potion of
                  | mutation]
 57006 | Vaults:5 | Gained mutation: You are somewhat resistant to further
                  | mutation. [potion of mutation]
 57016 | Vaults:5 | Learned a level 8 spell: Infestation
 57140 | Vaults:5 | Killed Bai Suzhen
 57241 | Vaults:5 | Got a silver rune of Zot
 57636 | Vaults:5 | Got a slimy morningstar
 57637 | Vaults:5 | Identified the cursed +0 morningstar "Uxazoall" {flame,
                  | +Inv rPois rC+++ Str-4} (You found it on level 5 of the
                  | Vaults)
 57642 | Vaults:5 | Got an encrusted plate armour
 57643 | Vaults:5 | Identified the cursed +1 plate armour of Epeicodd {rPois
                  | rC- rCorr Str+4} (You found it on level 5 of the Vaults)
 58232 | Depths:1 | Entered Level 1 of the Depths
 58241 | Depths:1 | Reached XP level 25. HP: 199/199 MP: 31/43
 58298 | Depths:1 | Noticed Saint Roka
 58321 | Depths:1 | Killed Saint Roka
 58462 | Depths:1 | Found the ring of the Mage {Wiz MR++ Int+3}
 58471 | Depths:1 | Identified the +9 broad axe "Lafirinora" {antimagic, Str+6
                  | Int+4} (You found it on level 1 of the Depths)
 58472 | Depths:1 | Identified the +6 rapier of the Endless Expanse {pain,
                  | Dex+5} (You found it on level 1 of the Depths)
 58866 | Depths:1 | Found a gateway to Hell.
 58979 | Depths:1 | Found Jassiec's Distillery.
 58982 | Depths:1 | Bought a potion of invisibility for 136 gold pieces
 58982 | Depths:1 | Bought a potion of mutation for 136 gold pieces
 58982 | Depths:1 | Bought a potion of might for 68 gold pieces
 58982 | Depths:1 | Bought a potion of resistance for 170 gold pieces
 58982 | Depths:1 | Bought a potion of heal wounds for 85 gold pieces
 59493 | Depths:1 | Got a translucent ivory amulet
 59506 | Depths:1 | Identified the amulet "Eqearu" {Faith Int+3} (You found it
                  | on level 1 of the Depths)
 59515 | Depths:1 | Got a bound garnet amulet
 59521 | Depths:1 | Identified the amulet of the Ancients {rElec rPois Regen+
                  | Int+2} (You found it on level 1 of the Depths)
 59607 | Depths:1 | You fall into a shaft and drop 1 floor!
 59607 | Depths:2 | Found a gateway to a ziggurat.
 61325 | Depths:3 | Reached skill level 15 in Translocations
 61571 | Depths:3 | Found a sacrificial altar of Ru.
 61573 | Depths:3 | Found a one-way gate leading to the halls of Pandemonium.
 61672 | Depths:3 | Found a hide-covered altar of Uskayaw.
 61870 | Depths:3 | Noticed a juggernaut
 61878 | Depths:3 | Killed a juggernaut
 61960 | Depths:3 | Reached XP level 26. HP: 208/208 MP: 4/44
 62144 | Depths:3 | Reached skill level 18 in Invocations
 62596 | Depths:3 | Found a white marble altar of Elyvilon.
 63033 | Depths:3 | Found an iron altar of Okawaru.
 63712 | Depths:4 | Acquired 869 gold pieces
 64032 | Depths:4 | Found an ancient bone altar of Kikubaaqudgha.
 66142 | Depths:5 | Entered Level 5 of the Depths
 66166 | Depths:5 | Learned a level 8 spell: Ignition
 66305 | Depths:5 | Reached XP level 27. HP: 216/216 MP: 26/44
 66333 | Depths:5 | Learned a level 5 spell: Agony
 66742 | Depths:5 | Voluntarily entered the Abyss.
 66948 | Abyss:1  | Reached skill level 15 in Conjurations
 66948 | Abyss:1  | Reached skill level 15 in Hexes
 66948 | Abyss:1  | Reached skill level 15 in Summonings
 66948 | Abyss:1  | Reached skill level 15 in Necromancy
 66948 | Abyss:1  | Reached skill level 15 in Transmutations
 66948 | Abyss:1  | Reached skill level 15 in Fire Magic
 66948 | Abyss:1  | Reached skill level 15 in Ice Magic
 66948 | Abyss:1  | Reached skill level 15 in Air Magic
 66948 | Abyss:1  | Reached skill level 15 in Earth Magic
 66948 | Abyss:1  | Reached skill level 15 in Poison Magic
 67320 | Abyss:3  | Found a corrupted altar of Lugonu.
 67329 | Abyss:3  | Found a corrupted altar of Lugonu.
 67543 | Abyss:3  | Paralysed by accursed screaming for 1 turns
 67984 | Abyss:3  | Got an abyssal rune of Zot
 68095 | Abyss:4  | Found a corrupted altar of Lugonu.
 68105 | Depths:5 | Escaped the Abyss
 68879 | Depths:5 | Found a gate to the Realm of Zot.
 68979 | Depths:5 | Reached skill level 19 in Invocations
 69928 | Slime:1  | Entered Level 1 of the Pits of Slime
 71254 | Slime:5  | Entered Level 5 of the Pits of Slime
 71755 | Slime:5  | Noticed the Royal Jelly
 71945 | Slime:5  | Killed the Royal Jelly
 72101 | Slime:5  | Identified the Papyrus of the Spatial Rocks
 72146 | Slime:5  | Got a slimy rune of Zot
 72147 | Slime:5  | Identified the Grimoire of Conjuration
 72169 | Slime:5  | Identified Mofish's Grimoire of Entrancing Displacement
 72188 | Slime:5  | Upgraded the game from 0.26-a0-649-gf8c6c3a to
                  | 0.26-a0-652-gafc20e3
 72205 | Slime:5  | Got a transparent turquoise ring
 72260 | Slime:5  | Got a jewelled chain mail
 72289 | Slime:5  | Identified the +5 chain mail of Quigucet {rElec} (You found
                  | it on level 5 of the Pits of Slime)
 72290 | Slime:5  | Identified the ring "Vuzes" {rPois rC++ Str-5 Slay+4} (You
                  | found it on level 5 of the Pits of Slime)
 72294 | Slime:5  | Got a transparent chain mail
 72320 | Slime:5  | Identified the cursed +1 chain mail of Gozag's Approval
                  | {*Drain rN+ Int+3} (You found it on level 5 of the Pits of
                  | Slime)
 72361 | Slime:5  | Acquired 209 gold pieces
 73382 | Pan      | Entered Pandemonium
 73650 | Pan      | Noticed Cicwuez the pandemonium lord
 73685 | Pan      | Killed Cicwuez the pandemonium lord
 75255 | Pan      | Noticed Tumoahix the pandemonium lord
 75265 | Pan      | Killed Tumoahix the pandemonium lord
 75765 | Pan      | Got a demonic rune of Zot
 76185 | Pan      | Reached skill level 20 in Invocations
 76493 | Pan      | Acquired 653 gold pieces
 76627 | Pan      | Noticed Moicest the pandemonium lord
 76671 | Pan      | Killed Moicest the pandemonium lord
 78380 | Pan      | Noticed Mynun the pandemonium lord
 78429 | Pan      | Killed Mynun the pandemonium lord
 79360 | Pan      | Found an exit through the horrors of the Abyss.
 79519 | Pan      | Entered the realm of Mnoleg.
 79522 | Pan      | Noticed Mnoleg
 79537 | Pan      | Paralysed by a floating eye for 4 turns
 79548 | Pan      | Got a glowing rune of Zot
 79675 | Pan      | Killed Mnoleg
 81435 | Pan      | Noticed Zuakkom the pandemonium lord
 81437 | Pan      | Killed from afar by an infernal black sun

Illustrated notes

Levels and vault maps discovered:
D:1:      dpeg_arrival_caged_fury, layout_basic, minmay_misc_feat_diagonals
D:2:      wander_river, layout_rooms, lemuel_crystal_altar,
          chequers_temple_overflow_statue_of_worship, tgw_xom
D:3:      lemuel_castle_with_subvaults [lemuel_castle_interior_original],
          layout_rooms, nicolae_overflow_crystal_walls
D:4:      layout_loops_ring, tso_altar, minmay_temple_entry_junction
D:5:      layout_loops_ring, lemuel_doored_altar, uniq_blork_the_orc,
          uniq_edmund
D:6:      layout_basic, grunt_decor_clamped, fedhas_altar_2
D:7:      layout_cave_pools, kennysheep_little_box,
          gammafunk_ghost_wrathful_warriors
D:8:      layout_loops_ring, kennysheep_mini, basic_altar,
          gammafunk_ghost_abyssal_escape
D:9:      layout_cave_pools, nicolae_ashenzari_panopticon, special_room
          [special_room_bee], grunt_ministairs_12, minmay_misc_feat_tiny
D:10:     layout_stronghold, ebering_ghost_gozag
D:11:     layout_loops_ring, david_lair_generic, serial_shops,
          nicolae_shop_stone, uniq_psyche
D:12:     layout_gridville, zombieorc2_lemuel, uniq_frances
D:13:     layout_basic, gammafunk_ghost_arena
D:14:     layout_loops_ring, skrybe_vaults_entry_preservation,
          minmay_misc_feat_nine_boxes
D:15:     hangedman_depths_entry_civil_slaughter, layout_loops_cross,
          chequers_big_river, onia_ninara_cookie
Temple:   oiseaux_autumnal_temple
Lair:1:   layout_hall_layers, lemuel_fruit_tree
Lair:2:   layout_hall_layers, special_room
Lair:3:   layout_loops_ring, elwin_shoals_entry_stream,
          guppyfry_snake_entry_island, lemuel_fruit_fields, lemuel_fruit_fields,
          infiniplex_staircase_pool_2
Lair:4:   layout_regular_city, columned_hall_lemuel, lemuel_fruit_fields
Lair:5:   layout_roguey, minmay_slime_entry_oklob_enclosed, disabler_island,
          grunt_megastairs_4
Lair:6:   grunt_lair_end_beastmaster, layout_regular_city, minivault_25,
          eino_small_chamber_without_monster, minmay_hedge_maze
Shoals:1: layout_shoals, serial_shops, shop_fountains, shop_statue,
          nicolae_shop_trees
Shoals:2: layout_shoals, portal_ice_cave_entry_ice_statue_one,
          nicolae_shoals_arrival_archipelago
Shoals:3: nzn_motion_control, layout_shoals, ebering_ghost_xom,
          nicolae_shoals_stone_sculpture_thing
Shoals:4: shoals_end_simple, layout_shoals, serial_shops, nicolae_shop_crystal,
          yaktaur_hedge, uniq_polyphemus
Snake:1:  cheibrodos_snake_lava_hold, layout_basic, guppyfry_snake_island,
          uniq_aizul
Snake:2:  layout_basic, serial_shops, nicolae_shop_crystal, st_stairs_3
Snake:3:  layout_layer_cave, hangedman_snake_corridor_split, grunt_megastairs_3
Snake:4:  johnstein_snake_rune_scales, layout_concentric_octagons, serial_shops,
          shop, serial_bayou_shore_b, grunt_megastairs_1
Slime:1:  layout_caves
Slime:2:  nicolae_slime_jelly_donut, layout_caves
Slime:3:  layout_caves, nicolae_slime_phagocytosis
Slime:4:  layout_caves
Slime:5
Orc:1:    layout_caves, serial_shops, nicolae_shop_statue_plus, shop_statue,
          shop_fountains, shop_statue
Orc:2:    st_orc_congregation, layout_diamond_mine
Elf:1:    layout_geoelf_diagonals, serial_corexii_hall,
          chequers_hall_statues_wall_a, chequers_hall_statues_corner_a,
          kennysheep_underground_church
Elf:2:    layout_onion_city, basic_altar
Elf:3:    minmay_elf_hall_four_x, layout_onion_city, basic_altar, st_stairs_2,
          fake_guardian_serpent_vault
Vaults:1: st_lattice, v_alt_pattern_6, grunt_vaults_focal, v_alt_pattern_5,
          v_misc_15, vaults_room_door_ring, layout_vaults_omnigrid,
          portal_desolation_entry_twin_temple, basic_altar
Vaults:2: v_misc_17, hangedman_vaults_river_flow, vaults_mumra_hexcomb,
          v_rooms_1, hangedman_vaults_unwind, grunt_vaults_bifocal,
          hangedman_vaults_stagger, kb_rosetta, v_misc_17, v_misc_12,
          nicolae_vaults_little_ls, layout_vaults_maze_snakey
Vaults:3: nicolae_vaults_network_star, dpeg_vaults_monster_row,
          minmay_crypt_entry_simple_plaza, vaults_room_boxed,
          ontoclasm_vaults_idyll, v_misc_12, v_alt_pattern_2, v_alt_pattern_3,
          v_misc_27, serial_ice_b, nicolae_vaults_ring_of_whatevers,
          layout_vaults_ring, uniq_nikola
Vaults:4: v_misc_27, nicolae_vaults_circle_grid_b,
          ontoclasm_vaults_loading_screen, v_rooms_6,
          nicolae_vaults_windows_and_doors_thing, hangedman_vaults_pinch,
          vaults_dpeg_ring, vaults_room_pool, layout_vaults_chaotic_city,
          uniq_margery
Vaults:5: uniq_bai_suzhen
Depths:1: minmay_the_grid_plus_closed [minmay_the_grid_rooms,
          minmay_the_grid_dragon_b, minmay_the_grid_minigrid_small_alt,
          minmay_the_grid_expand, minmay_the_grid_prize_shrinking_boxes],
          layout_honeycomb, pf_vacation_house_of_asmodeus, serial_shops,
          nicolae_shop_behind_doors, drop_trap, kennysheep_decorative_pillar,
          lemuel_flames_and_gold, uniq_saint_roka
Depths:2: lemuel_flame_loot_2, layout_gridlike, enter_ziggurat_b,
          serial_sigils_hangedman_confine, hell_entry, st_stairs_6,
          serial_bayou_shore_b
Depths:3: grunt_profane_halls [grunt_profane_temple_tar,
          grunt_profane_temple_dis, grunt_profane_temple_coc,
          grunt_profane_temple_geh, grunt_profane_loot], hell_entry, pan_entry
Depths:4: evilmike_negative_zone, layout_basic, minmay_door_square,
          rand_demon_pan_entry_5, hell_entry, abyss_entry_small_statue_room
Depths:5: evilmike_zot_entry_basic, layout_basic, rand_demon_pan_entry_8,
          serial_bayou_ford_a, hell_entry, abyss_entry, minmay_swirly_circle
Pan:      grunt_pan_zigzag, layout_pan_divisions_b [pan_division_quadrant_b6,
          pan_division_quadrant_b1, pan_division_quadrant_b6,
          pan_division_quadrant_b3], lemuel_hall_of_pain, layout_irregular_city,
          pan_blood_fountain_2, evilmike_mini_pan_possible_glass,
          layout_small_grid, evilmike_mini_pan_pillars_b, layout_stronghold,
          nicolae_pan_lom_lobonic_1, mnoleg_grunt_wretched_star, layout_basic,
          regret_index_pan_draining_boxed, layout_small_grid,
          pan_blood_fountain_small

Skill      XL: |  1  2  3  4  5  6  7  8  9 10 11 12 13 14 15 16 17 18 19 20 21 22 23 24 25 26 27 |
---------------+----------------------------------------------------------------------------------+-----
Spellcasting   | 5 6 7 8 9 10 11 12 13 14 15 16 17 19 | 19.7
Invocations    | 1 2 3 4 5 6 7 8 9 10 11 12 13 14 15 16 17 18 20 | 20.7
Short Blades   | 1 2 3 4 5 6 7 8 9 10 11 12 13 14 15 16 17 19 | 19.3
Axes           | 1 2 3 4 5 6 7 8 9 10 11 12 13 14 15 16 17 19 | 19.3
Maces & Flails | 1 2 3 4 5 6 7 8 9 10 11 12 13 14 15 16 17 19 | 19.3
Polearms       | 1 2 3 4 5 6 7 8 9 10 11 12 13 14 15 16 17 19 | 19.3
Staves         | 1 2 3 4 5 6 7 8 9 10 11 12 13 14 15 16 17 19 | 19.3
Slings         | 1 2 3 4 5 6 7 8 9 10 11 12 13 14 15 16 17 19 | 19.3
Bows           | 1 2 3 4 5 6 7 8 9 10 11 12 13 14 15 16 17 19 | 19.3
Crossbows      | 1 2 3 4 5 6 7 8 9 10 11 12 13 14 15 16 17 19 | 19.3
Stealth        | 1 2 3 4 5 6 7 8 9 10 11 12 13 14 15 16 17 19 | 19.3
Shields        | 1 2 3 4 5 6 7 8 9 10 11 12 13 14 15 16 17 19 | 19.3
Unarmed Combat | 1 2 3 4 5 6 7 8 9 10 11 12 13 14 15 16 17 19 | 19.3
Evocations     | 1 2 3 4 5 6 7 8 9 10 11 12 13 14 15 16 17 19 | 19.3
Conjurations   | 1 2 3 4 5 6 7 8 9 10 11 12 13 14 16 | 16.6
Hexes          | 1 2 3 4 5 6 7 8 9 10 11 12 13 14 16 | 16.6
Summonings     | 1 2 3 4 5 6 7 8 9 10 11 12 13 14 16 | 16.6
Necromancy     | 1 2 3 4 5 6 7 8 9 10 11 12 13 14 16 | 16.6
Transmutations | 1 2 3 4 5 6 7 8 9 10 11 12 13 14 16 | 16.6
Fire Magic     | 1 2 3 4 5 6 7 8 9 10 11 12 13 14 16 | 16.6
Ice Magic      | 1 2 3 4 5 6 7 8 9 10 11 12 13 14 16 | 16.6
Air Magic      | 1 2 3 4 5 6 7 8 9 10 11 12 13 14 16 | 16.6
Earth Magic    | 1 2 3 4 5 6 7 8 9 10 11 12 13 14 16 | 16.6
Poison Magic   | 1 2 3 4 5 6 7 8 9 10 11 12 13 14 16 | 16.6
Throwing       | 3 4 5 6 7 8 9 10 11 12 13 14 15 16 17 19 | 19.4
Armour         | 3 4 5 6 7 8 9 10 11 12 13 14 15 16 17 19 | 19.4
Fighting       | 5 6 7 8 9 10 11 12 13 14 15 16 17 19 | 19.6
Long Blades    | 5 6 7 8 9 10 11 12 13 14 15 16 17 19 | 19.6
Dodging        | 5 6 7 8 9 10 11 12 13 14 15 16 17 19 | 19.6
Translocations | 6 7 8 9 10 11 12 13 14 15 17 | 17.3

Action                   |  1- 3 |  4- 6 |  7- 9 | 10-12 | 13-15 | 16-18 | 19-21 | 22-24 | 25-27 || total
-------------------------+-------+-------+-------+-------+-------+-------+-------+-------+-------++-------
Melee: Falchion          |    82 |     6 |    50 |       |       |       |       |       |       ||   138
       Bite              |    14 |    39 |   104 |   134 |   275 |   302 |   349 |   281 |   705 ||  2203
       Dagger            |       |   288 |   530 |   524 |  1059 |  1136 |   657 |       |       ||  4194
       Punch             |       |     3 |    21 |    15 |       |       |       |       |       ||    39
       Morningstar       |       |       |       |       |       |       |   270 |       |       ||   270
       Demon whip        |       |       |       |       |       |       |   376 |  1001 |  1303 ||  2680
       Broad axe         |       |       |       |       |       |       |       |       |    12 ||    12
       Double sword      |       |       |       |       |       |       |       |       |  1195 ||  1195
Throw: Stone             |     2 |    30 |    52 |    14 |       |       |       |       |       ||    98
       Javelin           |       |     5 |     4 |     3 |     4 |       |    20 |    32 |    51 ||   119
       Boomerang         |       |     1 |       |       |    22 |    79 |    28 |    16 |   111 ||   257
       Dart              |       |       |       |    16 |    45 |       |       |       |     1 ||    62
 Cast: Blink             |       |     3 |     1 |     3 |     9 |    14 |     5 |    13 |     1 ||    49
       Passage of Golubr |       |       |     1 |     1 |     3 |     3 |     5 |     1 |     2 ||    16
       Dazzling Flash    |       |       |     4 |    11 |    11 |    10 |     7 |       |       ||    43
       Searing Ray       |       |       |     3 |    17 |     5 |       |       |       |       ||    25
       Lesser Beckoning  |       |       |       |     1 |     9 |    44 |    44 |    29 |    33 ||   160
       Petrify           |       |       |       |    21 |    50 |    71 |    69 |    19 |     3 ||   233
       Fulminant Prism   |       |       |       |     4 |    31 |     6 |    22 |    11 |       ||    74
       Frozen Ramparts   |       |       |       |     3 |    29 |       |       |       |       ||    32
       Ozocubu's Armour  |       |       |       |     1 |    34 |    62 |    66 |    29 |    46 ||   238
       Freezing Cloud    |       |       |       |       |    35 |    57 |    75 |    63 |    60 ||   290
       Orb of Destructio |       |       |       |       |       |       |    64 |    65 |   259 ||   388
       Sublimation of Bl |       |       |       |       |       |       |    10 |     5 |    45 ||    60
       Necromutation     |       |       |       |       |       |       |     9 |    42 |   133 ||   184
       Ignition          |       |       |       |       |       |       |       |       |    88 ||    88
       Infestation       |       |       |       |       |       |       |       |       |     6 ||     6
       Yara's Violent Un |       |       |       |       |       |       |       |       |     4 ||     4
       Agony             |       |       |       |       |       |       |       |       |     1 ||     1
Invok: Slouch            |       |       |       |       |     1 |       |     1 |     1 |       ||     3
 Abil: End Transformatio |       |       |       |       |       |       |     1 |     4 |    16 ||    21
Evoke: Lightning rod     |       |       |       |       |       |       |       |     6 |     4 ||    10
       Condenser vane    |       |       |       |       |       |       |       |     1 |       ||     1
       Wand              |       |       |       |       |       |       |       |       |     6 ||     6
       Phantom mirror    |       |       |       |       |       |       |       |       |     1 ||     1
  Use: Scroll            |       |       |     6 |     6 |    13 |    10 |    21 |    12 |    33 ||   101
       Potion            |       |       |       |       |       |       |     2 |     2 |     4 ||     8
 Stab: Sleeping          |     2 |       |     7 |    18 |    30 |    32 |    43 |    31 |    39 ||   202
       Invisible         |       |       |     1 |    11 |    18 |     9 |     2 |       |       ||    41
       Distracted        |       |       |     1 |     1 |     5 |     3 |     4 |     5 |    20 ||    39
       Petrified         |       |       |       |     8 |    16 |    18 |    68 |    17 |     3 ||   130
       Petrifying        |       |       |       |     8 |    15 |    31 |    19 |    16 |     1 ||    90
Armor: Leather armour    |    10 |    45 |       |       |       |       |       |       |       ||    55
       Ring mail         |       |    30 |   190 |    68 |       |       |       |       |       ||   288
       Troll leather arm |       |       |       |    85 |   168 |   115 |   133 |   106 |   337 ||   944
       Robe              |       |       |       |     3 |       |       |       |       |       ||     3
Dodge: Dodged            |    64 |   259 |   515 |   562 |   592 |   472 |   650 |   669 |  1284 ||  5067
Block: Buckler           |       |       |       |    84 |   226 |       |       |       |       ||   310
       Kite shield       |       |       |       |       |   145 |   815 |   865 |   703 |  1964 ||  4492
       Reflection        |       |       |       |       |       |   131 |    34 |       |       ||   165
       Rpst.: Falchion   |    24 |     1 |    13 |       |       |       |       |       |       ||    38
       Dagger            |       |       |       |       |    19 |    73 |    29 |       |       ||   121
       Morningstar       |       |       |       |       |       |       |    46 |       |       ||    46
       Demon whip        |       |       |       |       |       |       |    48 |   102 |   101 ||   251
       Broad axe         |       |       |       |       |       |       |       |       |     3 ||     3
       Double sword      |       |       |       |       |       |       |       |       |   213 ||   213

Table legend: (Time is in decaauts)
 A = Elapsed time spent in this place.
 B = Non-inter-level travel time spent in this place.
 C = Inter-level travel time spent in this place.
 D = Time resting spent in this place.
 E = Time spent auto-exploring this place.
 F = Levels seen in this place.
 G = Mean time per level.
                   A        B        C        D        E       F      G
               +--------+--------+--------+--------+--------+-----+--------+
         Total | 115928 | 107276 |   8652 |   7706 |  72975 |  62 | 1869.8 |
       Dungeon |  25873 |  23719 |   2154 |   1687 |  17258 |  15 | 1724.9 |
        Temple |    562 |    446 |    116 |      0 |    445 |   1 |  562.0 |
          Lair |  11729 |  10050 |   1679 |    221 |   7945 |   6 | 1954.8 |
        Shoals |   6054 |   5647 |    407 |    322 |   3837 |   4 | 1513.5 |
     Snake Pit |  11494 |  10546 |    948 |     67 |   8144 |   4 | 2873.5 |
    Slime Pits |   4583 |   4410 |    173 |    691 |   2424 |   5 |  916.6 |
  Orcish Mines |   3735 |   2986 |    749 |    234 |   2106 |   2 | 1867.5 |
   Elven Halls |   8766 |   8064 |    702 |   1345 |   4568 |   3 | 2922.0 |
        Vaults |  13526 |  12762 |    764 |   1483 |   8456 |   5 | 2705.2 |
        Depths |  14121 |  13166 |    955 |    656 |   9553 |   5 | 2824.2 |
         Abyss |   2151 |   2151 |      0 |     96 |    157 |   4 |  537.8 |
   Pandemonium |  10755 |  10755 |      0 |    881 |   6644 |   6 | 1792.5 |
      Ice Cave |   1035 |   1035 |      0 |      8 |    577 |   1 | 1035.0 |
    Desolation |   1539 |   1539 |      0 |     12 |    858 |   1 | 1539.0 |
               +--------+--------+--------+--------+--------+-----+--------+

Top non-repeatable levels by time:
 Snake:4: 4129 daAuts
Vaults:4: 3896 daAuts
   Elf:3: 3867 daAuts
Depths:4: 3712 daAuts
   Orc:2: 3311 daAuts
Depths:3: 3007 daAuts
 Snake:3: 2865 daAuts
     D:2: 2854 daAuts
Vaults:3: 2746 daAuts
Depths:5: 2657 daAuts
Depths:1: 2653 daAuts
Vaults:5: 2580 daAuts
   Elf:2: 2578 daAuts
  Lair:5: 2538 daAuts
     D:3: 2527 daAuts
